 Dungeon Crawl Stone Soup version 0.23-a0-512-g50a8178 (webtiles) character file.

53 JeffiDaFish the Magician (level 3, 0/19 HPs)
             Began as a Deep Elf Fire Elementalist on Dec 5, 2018.
             Slain by Sigmund
             ... wielding a cursed -3 scythe
              (11 damage)
             ... on level 2 of the Dungeon.
             The game lasted 00:04:17 (1557 turns).

JeffiDaFish the Magician (DEFE)                     Turns: 1557, Time: 00:04:18

Health: 0/19       AC:  3    Str:  5    XL:     3   Next: 64%
Magic:  3/10       EV: 13    Int: 20    God:
Gold:   29         SH:  0    Dex: 15    Spells: 6/10 levels left

rFire    . . .     SeeInvis .   e - +0 dagger
rCold    . . .     Gourm    .   (no shield)
rNeg     . . .     Faith    .   a - +1 robe
rPois    .         Spirit   .   (no helmet)
rElec    .         Reflect  .   (no cloak)
rCorr    .         Harm     .   (no gloves)
MR       .....                  (no boots)
Stlth    ++........             (no amulet)
HPRegen  0.06/turn              (no ring)
MPRegen  0.12/turn              (no ring)

@: no status effects
A: no striking features
a: no special abilities


You were on level 2 of the Dungeon.
You were not hungry.

You visited 1 branch of the dungeon, and saw 2 of its levels.

You collected 29 gold pieces.

Inventory:

Hand Weapons
 e - a +0 dagger (weapon)
Armour
 a - a +1 robe (worn)
Jewellery
 g - an uncursed ring of protection from fire
Wands
 f - a wand of acid (10)
Scrolls
 h - a scroll of fog
Potions
 b - 2 potions of flight
Comestibles
 c - 2 rations
 d - a chunk of flesh


   Skills:
 + Level 2.9 Dodging
 - Level 2.4 Stealth
 * Level 4.0 Spellcasting
 + Level 1.9 Conjurations
 * Level 4.0 Fire Magic


You had 6 spell levels left.
You knew the following spells:

 Your Spells              Type           Power        Failure   Level  Hunger
a - Flame Tongue          Conj/Fire      ###..        3%          1    None
b - Conjure Flame         Conj/Fire      ###.....     12%         3    ###....

Your spell library contained the following spells:

 Spells                   Type           Power        Failure   Level  Hunger
 Throw Flame              Conj/Fire      ###...       6%          2    #......
 Inner Flame              Hex/Fire       ##......     17%         3    ###....
 Sticky Flame             Conj/Fire      ###.....     36%         4    ####...
 Fireball                 Conj/Fire      ###.......   71%         5    ######.


Dungeon Overview and Level Annotations

Branches:
Dungeon (2/15)

Altars:

Annotations:
D:2 Sigmund


Message History

The giant cockroach barely misses you. x2
Casting: Flame Tongue (safe; 3% risk of failure)
Confirm with . or Enter, or press ? or * to list all spells.
Aiming: Flame Tongue (safe; 3% risk of failure)
Press: ? - help, Shift-Dir - straight line, f/p - Sigmund
Aim: Sigmund, wielding a -3 scythe and wearing a +2 robe of positive energy The flame tongue misses Sigmund.
Sigmund screams, "You will never...
NEVER!!!"
Sigmund barely misses you. The giant cockroach misses you.
Casting: Flame Tongue (safe; 3% risk of failure)
Confirm with . or Enter, or press ? or * to list all spells.
Aiming: Flame Tongue (safe; 3% risk of failure)
Press: ? - help, Shift-Dir - straight line, f/p - Sigmund
Aim: Sigmund, wielding a -3 scythe and wearing a +2 robe of positive energy The flame tongue hits Sigmund.
Sigmund appears unharmed.
Sigmund is almost dead.
The giant cockroach completely misses you.
Sigmund hits you with a cursed -3 scythe!
Ouch! That really hurt!
You die...

#..#...## #....####
#........
######........
########
#.........####
#......###.####...##
#
#................##
# #....s...#########
#.....@### #.....@#
########


You could see Sigmund and a giant cockroach.

Vanquished Creatures
  An adder (D:2)
  An ooze (D:2)
  A leopard gecko (D:2)
  2 ball pythons (D:1)
  5 giant cockroaches
  3 hobgoblins
  3 kobolds
  A quokka (D:2)
  7 bats
  2 frilled lizards
  6 goblins
  5 rats (D:2)
37 creatures vanquished.

Notes
Turn   | Place    | Note
-------+----------+-------------------------------------------
     0 | D:1      | JeffiDaFish the Deep Elf Fire Elementalist began the quest
                  | for the Orb.
     0 | D:1      | Reached XP level 1. HP: 10/10 MP: 6/6
   229 | D:1      | Reached XP level 2. HP: 8/15 MP: 0/8
   919 | D:2      | Reached XP level 3. HP: 13/19 MP: 3/10
  1341 | D:2      | Learned a level 3 spell: Conjure Flame
  1547 | D:2      | Noticed Sigmund
  1557 | D:2      | Slain by Sigmund

Vault maps used:
D:1:      tarquinn_simple_flora_water_c, minmay_liquid_box
D:2:      corner_web_ring, uniq_sigmund

Skill      XL: |  1  2  3 |
---------------+----------+-----
Spellcasting   | 4 |  4.0
Fire Magic     | 4 |  4.0
Dodging        | |  2.9
Stealth        | |  2.4
Conjurations   | |  1.9

Action                   || total
-------------------------++-------
Melee: Dagger            ||    25
 Cast: Flame Tongue      ||    80
  Use: Potion            ||     5
       Scroll            ||     7
 Stab: Sleeping          ||     2
  Eat: Chunk             ||     2
Armor: Robe              ||    17
       Skin              ||     2
Dodge: Dodged            ||    61

Table legend:
 A = Non-vault XP
 B = Vault XP
 C = Vault XP percentage of total XP
 D = Non-vault monster count
 E = Vault monster count
 F = Vault count percentage of total count
                 A         B        C        D         E       F
            +---------+---------+-------+---------+---------+-------
      Total |      77 |       0 |   0.0 |      37 |       0 |   0.0
            +---------+---------+-------+---------+---------+-------
        D:1 |      31 |       0 |   0.0 |      19 |       0 |   0.0
        D:2 |      46 |       0 |   0.0 |      18 |       0 |   0.0
            +---------+---------+-------+---------+---------+-------
